[ PARTIDA AOE2 · #480536152 ]
UnrankedBritanos vs Byzantines
[ ANÁLISIS DE REPETICIÓN · EXTRAÍDO DE LA PARTIDA GRABADA ]
Feudal
12:29
Castillos
27:35
Imperial
—
| APM promedio | 43.8 |
| APM pico | 72 |
| eAPM promedio | 17.6 |
| Aldeanos / militares | 63 / 72 |
Foco
⚔️ 30.3% · 🌾 69.7%
Archer ×62 · Fishing Ship ×6 · Militia ×5 · Spearman ×4 · Skirmisher ×1
Feudal
—
Castillos
—
Imperial
—
| APM promedio | 29.9 |
| APM pico | 63 |
| eAPM promedio | 18.0 |
| Aldeanos / militares | 77 / 28 |
Foco
⚔️ 24.6% · 🌾 75.4%
Fishing Ship ×16 · Fire Galley ×14 · Skirmisher ×9 · Monk ×3 · Spearman ×2
Feudal
15:19
Castillos
19:14
Imperial
—
| APM promedio | 32.6 |
| APM pico | 61 |
| eAPM promedio | 15.3 |
| Aldeanos / militares | 61 / 33 |
Foco
⚔️ 25.4% · 🌾 74.6%
Conquistador ×27 · Fishing Ship ×21 · Fire Galley ×3 · Monk ×1 · Mangonel ×1 · Battering Ram ×1
Feudal
—
Castillos
—
Imperial
—
| APM promedio | 30.5 |
| APM pico | 57 |
| eAPM promedio | 15.1 |
| Aldeanos / militares | 93 / 24 |
Foco
⚔️ 24.8% · 🌾 75.2%
Mangudai ×14 · Fishing Ship ×13 · Mangonel ×10
Feudal
13:26
Castillos
17:51
Imperial
—
| APM promedio | 31.4 |
| APM pico | 59 |
| eAPM promedio | 16.7 |
| Aldeanos / militares | 80 / 33 |
Foco
⚔️ 24.7% · 🌾 75.3%
Archer ×29 · Fishing Ship ×15 · Mangonel ×2 · Armored Elephant ×2
Feudal
13:46
Castillos
20:12
Imperial
—
| APM promedio | 37.0 |
| APM pico | 84 |
| eAPM promedio | 16.5 |
| Aldeanos / militares | 48 / 2 |
Foco
⚔️ 9.4% · 🌾 90.6%
Fishing Ship ×10 · Mangonel ×2
Feudal
15:13
Castillos
19:24
Imperial
—
| APM promedio | 27.6 |
| APM pico | 70 |
| eAPM promedio | 14.3 |
| Aldeanos / militares | 42 / 7 |
Foco
⚔️ 23.5% · 🌾 76.5%
Knight ×5 · Fishing Ship ×5 · Monk ×2
Feudal
15:31
Castillos
21:56
Imperial
—
| APM promedio | 30.4 |
| APM pico | 63 |
| eAPM promedio | 16.9 |
| Aldeanos / militares | 127 / 36 |
Foco
⚔️ 11.8% · 🌾 88.2%
Knight ×27 · Fishing Ship ×11 · Fire Galley ×6 · Galley ×2 · Monk ×1
Mapa de la partida
Recursos iniciales + cada clic de construcción. Líneas = muros · curvas = relieve. ◆ oro · ⬟ piedra · ● bayas · ✦ reliquia · ◌ hueco del cierre
Tu base· Abierta — flanco sin cerrar
Base de CheLoco3552· Abierta — hueco de 11t
Base de Casalmiri· Abierta — flanco sin cerrar
Base de RossC786526· Abierta — hueco de 8t
Base de massimo_oddo· Abierta — hueco de 3t
Base de NoobSB· Abierta — flanco sin cerrar
Base de savage!· Abierta — hueco de 13t
Base de Nomadic· Abierta — flanco sin cerrar
Terreno inicial suavizado · ◌ = hueco del cierre detectado · pasá el cursor para detalles
Inputs por minuto
— The Wulf - - CheLoco3552
Build order — The Wulf
Primeras 150 de 215 acciones detectadas
| 0:31 | Construir | Town Center |
| 1:09 | Construir | Dock |
| 1:14 | Construir | House |
| 1:15 | Construir | House |
| 2:42 | Crear | Villager (Male) |
| 2:42 | Crear | Villager (Male) |
| 2:43 | Crear | Villager (Male) |
| 3:04 | Crear | Villager (Male) |
| 3:44 | Investigar | Loom |
| 3:58 | Crear | Villager (Male) |
| 4:43 | Crear | Villager (Male) |
| 5:10 | Crear | Villager (Male) |
| 5:31 | Crear | Villager (Male) |
| 5:51 | Crear | Villager (Male) |
| 6:21 | Crear | Villager (Male) |
| 6:25 | Crear | Villager (Male) |
| 7:05 | Crear | Villager (Male) |
| 7:40 | Crear | Villager (Male) |
| 8:11 | Crear | Villager (Male) |
| 8:34 | Crear | Villager (Male) |
| 8:54 | Crear | Villager (Male) |
| 9:15 | Construir | Barracks |
| 9:29 | Crear | Villager (Male) |
| 9:50 | Crear | Villager (Male) |
| 10:14 | Investigar | Feudal Age |
| 10:19 | Crear | Fishing Ship |
| 10:27 | Construir | House |
| 10:48 | Construir | House |
| 11:12 | Construir | House |
| 11:17 | Construir | Palisade Wall |
| 11:19 | Crear | Fishing Ship |
| 11:23 | Crear | Fishing Ship |
| 12:29 | Edad | Edad Feudal |
| 12:31 | Construir | Archery Range |
| 12:32 | Crear | Villager (Male) |
| 12:34 | Crear | Fishing Ship |
| 12:52 | Crear | Villager (Male) |
| 13:12 | Crear | Villager (Male) |
| 13:16 | Crear | Archer |
| 13:17 | Crear | Archer |
| 13:19 | Crear | Villager (Male) |
| 13:46 | Construir | Blacksmith |
| 13:48 | Crear | Villager (Male) |
| 13:52 | Crear | Archer |
| 13:53 | Crear | Villager (Male) |
| 14:20 | Crear | Villager (Male) |
| 14:23 | Crear | Archer |
| 14:32 | Investigar | Fletching |
| 14:53 | Crear | Militia |
| 14:54 | Crear | Militia |
| 14:55 | Investigar | Man-at-Arms (upgrade) |
| 15:07 | Crear | Archer |
| 15:10 | Crear | Villager (Male) |
| 15:14 | Construir | Lumber Camp |
| 15:28 | Construir | House |
| 15:31 | Investigar | Wheelbarrow |
| 15:42 | Construir | House |
| 15:50 | Investigar | Double-Bit Axe |
| 16:00 | Construir | Mill |
| 16:34 | Crear | Archer |
| 16:34 | Crear | Archer |
| 16:34 | Crear | Archer |
| 16:38 | Construir | Farm |
| 16:39 | Construir | Farm |
| 16:39 | Construir | Farm |
| 16:39 | Construir | Farm |
| 16:39 | Construir | Farm |
| 16:40 | Construir | Farm |
| 16:51 | Crear | Archer |
| 17:00 | Construir | Farm |
| 17:02 | Construir | Farm |
| 17:30 | Crear | Villager (Male) |
| 17:41 | Crear | Fishing Ship |
| 17:41 | Crear | Fishing Ship |
| 18:04 | Construir | Watch Tower |
| 18:36 | Crear | Villager (Male) |
| 18:36 | Crear | Villager (Male) |
| 19:06 | Crear | Villager (Male) |
| 19:06 | Crear | Villager (Male) |
| 19:14 | Construir | Lumber Camp |
| 19:20 | Crear | Archer |
| 19:20 | Crear | Archer |
| 19:23 | Construir | House |
| 19:39 | Crear | Militia |
| 19:39 | Crear | Militia |
| 19:46 | Crear | Skirmisher |
| 19:57 | Construir | House |
| 20:14 | Crear | Villager (Male) |
| 20:20 | Crear | Archer |
| 20:35 | Construir | Mill |
| 20:50 | Crear | Villager (Male) |
| 20:51 | Crear | Villager (Male) |
| 21:03 | Crear | Villager (Male) |
| 21:05 | Crear | Archer |
| 21:05 | Crear | Archer |
| 21:22 | Construir | House |
| 21:44 | Crear | Villager (Male) |
| 22:05 | Crear | Villager (Male) |
| 22:09 | Construir | Farm |
| 22:09 | Construir | Farm |
| 22:28 | Crear | Villager (Male) |
| 22:40 | Crear | Militia |
| 23:15 | Crear | Archer |
| 23:16 | Crear | Archer |
| 23:17 | Crear | Villager (Male) |
| 23:17 | Crear | Villager (Male) |
| 23:27 | Crear | Archer |
| 23:45 | Crear | Villager (Male) |
| 23:49 | Crear | Spearman |
| 23:49 | Crear | Spearman |
| 23:49 | Crear | Spearman |
| 23:50 | Crear | Spearman |
| 23:58 | Construir | Farm |
| 23:59 | Investigar | Horse Collar |
| 24:08 | Crear | Archer |
| 24:22 | Construir | Archery Range |
| 24:50 | Crear | Villager (Male) |
| 24:53 | Crear | Villager (Male) |
| 24:55 | Investigar | Castle Age |
| 24:56 | Investigar | Castle Age |
| 25:01 | Construir | Farm |
| 25:03 | Construir | Farm |
| 25:12 | Crear | Archer |
| 25:13 | Crear | Archer |
| 25:13 | Crear | Archer |
| 25:16 | Investigar | Padded Archer Armor |
| 25:17 | Crear | Villager (Male) |
| 25:45 | Construir | Stable |
| 25:58 | Construir | Farm |
| 25:58 | Construir | Farm |
| 25:58 | Construir | Farm |
| 25:58 | Construir | Farm |
| 26:06 | Construir | House |
| 26:09 | Crear | Archer |
| 26:09 | Crear | Archer |
| 26:09 | Crear | Archer |
| 26:23 | Crear | Villager (Male) |
| 26:25 | Construir | House |
| 26:37 | Crear | Archer |
| 26:38 | Crear | Archer |
| 26:47 | Construir | Farm |
| 26:48 | Construir | Farm |
| 26:51 | Construir | Mill |
| 26:56 | Crear | Archer |
| 27:01 | Construir | House |
| 27:06 | Crear | Villager (Male) |
| 27:08 | Crear | Archer |
| 27:35 | Edad | Edad de los Castillos |
| 27:38 | Investigar | Crossbowman (upgrade) |
| 27:44 | Investigar | Bodkin Arrow |
Build order — CheLoco3552
Primeras 150 de 184 acciones detectadas
| 0:30 | Construir | Town Center |
| 0:46 | Construir | House |
| 1:56 | Construir | Dock |
| 2:04 | Construir | Palisade Wall |
| 2:06 | Construir | Palisade Wall |
| 2:57 | Crear | Villager (Male) |
| 2:57 | Crear | Villager (Male) |
| 2:57 | Crear | Villager (Male) |
| 2:57 | Crear | Villager (Male) |
| 2:58 | Crear | Villager (Male) |
| 4:03 | Crear | Fishing Ship |
| 4:49 | Investigar | Loom |
| 4:57 | Construir | House |
| 5:13 | Construir | House |
| 5:18 | Crear | Villager (Male) |
| 5:19 | Crear | Villager (Male) |
| 5:41 | Crear | Villager (Male) |
| 5:42 | Crear | Villager (Male) |
| 5:57 | Crear | Villager (Male) |
| 5:58 | Crear | Villager (Male) |
| 6:33 | Crear | Villager (Male) |
| 7:22 | Crear | Fishing Ship |
| 8:04 | Crear | Fishing Ship |
| 8:28 | Crear | Villager (Male) |
| 8:38 | Construir | House |
| 8:42 | Construir | Palisade Wall |
| 8:49 | Crear | Villager (Male) |
| 8:54 | Crear | Fishing Ship |
| 9:02 | Crear | Villager (Male) |
| 9:18 | Crear | Villager (Male) |
| 9:32 | Crear | Villager (Male) |
| 9:39 | Crear | Fishing Ship |
| 9:48 | Construir | Dock |
| 10:13 | Crear | Villager (Male) |
| 10:17 | Crear | Fishing Ship |
| 10:43 | Crear | Villager (Male) |
| 10:56 | Crear | Fishing Ship |
| 11:01 | Crear | Villager (Male) |
| 11:10 | Construir | House |
| 11:13 | Construir | Palisade Wall |
| 11:14 | Construir | Palisade Gate |
| 11:23 | Crear | Fishing Ship |
| 11:55 | Crear | Villager (Male) |
| 12:05 | Crear | Fishing Ship |
| 12:06 | Crear | Fishing Ship |
| 12:09 | Construir | Palisade Wall |
| 12:10 | Construir | Palisade Gate |
| 12:17 | Crear | Villager (Male) |
| 12:41 | Construir | Mill |
| 12:55 | Crear | Villager (Male) |
| 13:13 | Investigar | Feudal Age |
| 13:18 | Crear | Fishing Ship |
| 13:18 | Crear | Fishing Ship |
| 13:41 | Construir | House |
| 13:43 | Construir | House |
| 14:13 | Crear | Fishing Ship |
| 14:13 | Crear | Fishing Ship |
| 14:47 | Construir | Outpost |
| 14:57 | Construir | Outpost |
| 15:00 | Crear | Villager (Male) |
| 15:10 | Crear | Fishing Ship |
| 15:11 | Crear | Fishing Ship |
| 15:37 | Crear | Villager (Male) |
| 15:48 | Construir | Market |
| 16:29 | Crear | Villager (Male) |
| 16:42 | Construir | Blacksmith |
| 16:57 | Crear | Villager (Male) |
| 17:10 | Construir | Lumber Camp |
| 17:18 | Investigar | Castle Age |
| 18:33 | Crear | Fire Galley |
| 18:36 | Crear | Fire Galley |
| 18:44 | Construir | Dock |
| 18:46 | Crear | Villager (Male) |
| 18:46 | Crear | Villager (Male) |
| 18:57 | Crear | Villager (Male) |
| 19:25 | Crear | Fire Galley |
| 19:29 | Crear | Fire Galley |
| 19:44 | Construir | House |
| 20:01 | Construir | House |
| 20:17 | Crear | Villager (Male) |
| 20:38 | Crear | Villager (Male) |
| 20:38 | Crear | Villager (Male) |
| 20:47 | Crear | Villager (Male) |
| 20:52 | Investigar | Double-Bit Axe |
| 21:11 | Crear | Villager (Male) |
| 21:14 | Crear | Villager (Male) |
| 21:49 | Crear | Fire Galley |
| 21:50 | Crear | Fire Galley |
| 21:50 | Crear | Fire Galley |
| 21:51 | Crear | Villager (Male) |
| 21:58 | Investigar | Tech 906 |
| 22:04 | Investigar | War Galley (upgrade) |
| 22:08 | Crear | Villager (Male) |
| 22:28 | Construir | Town Center |
| 22:31 | Crear | Villager (Male) |
| 22:31 | Crear | Villager (Male) |
| 22:46 | Crear | Villager (Male) |
| 23:00 | Construir | Stone Wall |
| 23:02 | Construir | Gate |
| 23:04 | Crear | Villager (Male) |
| 23:17 | Crear | Villager (Male) |
| 23:23 | Crear | Fire Galley |
| 23:23 | Crear | Fire Galley |
| 23:23 | Crear | Fire Galley |
| 23:23 | Crear | Fire Galley |
| 23:24 | Crear | Villager (Male) |
| 23:40 | Crear | Villager (Male) |
| 23:47 | Construir | House |
| 23:48 | Construir | House |
| 23:48 | Construir | House |
| 23:52 | Crear | Villager (Male) |
| 24:02 | Construir | Outpost |
| 24:05 | Crear | Villager (Male) |
| 24:06 | Crear | Villager (Male) |
| 24:08 | Investigar | Wheelbarrow |
| 24:31 | Crear | Fire Galley |
| 24:31 | Crear | Fire Galley |
| 24:32 | Crear | Fire Galley |
| 24:47 | Crear | Villager (Male) |
| 24:48 | Crear | Villager (Male) |
| 24:54 | Crear | Villager (Male) |
| 25:01 | Construir | Barracks |
| 25:12 | Crear | Villager (Male) |
| 25:12 | Crear | Villager (Male) |
| 25:25 | Construir | Outpost |
| 25:41 | Construir | Monastery |
| 25:48 | Construir | House |
| 25:54 | Construir | House |
| 25:55 | Construir | Stone Wall |
| 25:58 | Crear | Villager (Male) |
| 26:08 | Crear | Villager (Male) |
| 26:14 | Crear | Villager (Male) |
| 26:14 | Crear | Villager (Male) |
| 26:34 | Crear | Villager (Male) |
| 26:44 | Crear | Villager (Male) |
| 26:50 | Crear | Villager (Male) |
| 26:51 | Crear | Villager (Male) |
| 27:01 | Construir | Archery Range |
| 27:17 | Construir | Archery Range |
| 27:48 | Investigar | Redemption |
| 27:51 | Construir | Mining Camp |
| 28:03 | Crear | Skirmisher |
| 28:15 | Construir | Lumber Camp |
| 28:28 | Crear | Skirmisher |
| 28:39 | Crear | Villager (Male) |
| 28:50 | Crear | Skirmisher |
| 28:56 | Investigar | Fletching |
| 28:58 | Crear | Villager (Male) |
| 29:00 | Crear | Villager (Male) |
| 29:03 | Crear | Monk |
Build order — Casalmiri
Primeras 150 de 181 acciones detectadas
| 1:30 | Construir | Town Center |
| 1:47 | Construir | House |
| 2:26 | Construir | Dock |
| 3:35 | Crear | Villager (Male) |
| 3:36 | Crear | Villager (Male) |
| 3:36 | Crear | Villager (Male) |
| 3:36 | Crear | Villager (Male) |
| 3:36 | Crear | Villager (Male) |
| 4:46 | Investigar | Loom |
| 4:47 | Crear | Villager (Male) |
| 4:51 | Crear | Villager (Male) |
| 4:51 | Crear | Villager (Male) |
| 4:53 | Crear | Fishing Ship |
| 5:32 | Crear | Fishing Ship |
| 5:32 | Crear | Fishing Ship |
| 6:15 | Crear | Villager (Male) |
| 6:16 | Crear | Villager (Male) |
| 6:22 | Construir | House |
| 6:51 | Crear | Villager (Male) |
| 6:51 | Crear | Villager (Male) |
| 6:53 | Crear | Villager (Male) |
| 6:53 | Crear | Villager (Male) |
| 7:13 | Crear | Fishing Ship |
| 7:26 | Construir | House |
| 7:31 | Crear | Villager (Male) |
| 7:31 | Crear | Villager (Male) |
| 8:17 | Crear | Villager (Male) |
| 8:17 | Crear | Villager (Male) |
| 8:18 | Crear | Villager (Male) |
| 8:19 | Crear | Villager (Male) |
| 8:20 | Crear | Fishing Ship |
| 8:20 | Crear | Fishing Ship |
| 8:32 | Crear | Villager (Male) |
| 8:51 | Crear | Villager (Male) |
| 8:51 | Crear | Villager (Male) |
| 8:56 | Crear | Fishing Ship |
| 8:56 | Crear | Fishing Ship |
| 9:18 | Crear | Villager (Male) |
| 9:18 | Crear | Villager (Male) |
| 9:21 | Crear | Fishing Ship |
| 9:21 | Crear | Fishing Ship |
| 9:49 | Construir | Lumber Camp |
| 9:55 | Crear | Villager (Male) |
| 10:16 | Crear | Villager (Male) |
| 10:16 | Crear | Villager (Male) |
| 10:16 | Crear | Villager (Male) |
| 10:22 | Crear | Fishing Ship |
| 10:22 | Crear | Fishing Ship |
| 10:43 | Construir | House |
| 11:16 | Construir | House |
| 12:17 | Crear | Villager (Male) |
| 12:17 | Crear | Villager (Male) |
| 12:24 | Construir | Dock |
| 12:51 | Construir | Mill |
| 13:00 | Investigar | Feudal Age |
| 13:06 | Construir | Mining Camp |
| 13:11 | Construir | Mining Camp |
| 13:54 | Crear | Villager (Male) |
| 13:54 | Crear | Villager (Male) |
| 14:12 | Crear | Fishing Ship |
| 15:19 | Edad | Edad Feudal |
| 15:32 | Construir | Blacksmith |
| 15:39 | Construir | Market |
| 15:57 | Crear | Villager (Male) |
| 16:24 | Investigar | Castle Age |
| 16:25 | Investigar | Castle Age |
| 16:49 | Crear | Fire Galley |
| 16:50 | Crear | Fire Galley |
| 16:58 | Investigar | Double-Bit Axe |
| 16:59 | Investigar | Horse Collar |
| 17:00 | Investigar | Gold Mining |
| 17:13 | Construir | Lumber Camp |
| 17:54 | Crear | Fire Galley |
| 18:33 | Crear | Villager (Male) |
| 19:14 | Edad | Edad de los Castillos |
| 19:31 | Construir | Castle |
| 19:38 | Construir | House |
| 19:44 | Construir | Palisade Wall |
| 19:46 | Construir | Palisade Wall |
| 20:03 | Construir | Town Center |
| 20:06 | Crear | Villager (Male) |
| 20:08 | Investigar | Bow Saw |
| 20:09 | Investigar | Heavy Plow |
| 20:31 | Investigar | War Galley (upgrade) |
| 20:36 | Crear | Villager (Male) |
| 20:48 | Construir | House |
| 20:57 | Crear | Conquistador |
| 20:57 | Crear | Conquistador |
| 20:58 | Crear | Conquistador |
| 20:58 | Crear | Conquistador |
| 20:58 | Crear | Conquistador |
| 20:58 | Crear | Conquistador |
| 21:11 | Crear | Villager (Male) |
| 21:20 | Construir | House |
| 21:42 | Crear | Villager (Male) |
| 21:43 | Crear | Villager (Male) |
| 22:19 | Construir | Town Center |
| 22:23 | Construir | Farm |
| 22:27 | Crear | Villager (Male) |
| 22:28 | Crear | Villager (Male) |
| 23:13 | Crear | Conquistador |
| 23:13 | Crear | Conquistador |
| 23:13 | Crear | Conquistador |
| 23:51 | Crear | Conquistador |
| 23:59 | Construir | Town Center |
| 24:34 | Crear | Villager (Male) |
| 24:34 | Crear | Villager (Male) |
| 24:39 | Crear | Villager (Male) |
| 24:44 | Construir | Monastery |
| 25:05 | Construir | Barracks |
| 25:07 | Construir | House |
| 25:15 | Crear | Conquistador |
| 25:15 | Crear | Conquistador |
| 25:15 | Crear | Conquistador |
| 25:16 | Crear | Conquistador |
| 25:16 | Crear | Conquistador |
| 25:16 | Crear | Conquistador |
| 25:16 | Crear | Conquistador |
| 25:32 | Crear | Monk |
| 25:58 | Construir | Dock |
| 26:24 | Crear | Villager (Male) |
| 26:24 | Crear | Villager (Male) |
| 26:25 | Crear | Villager (Male) |
| 27:01 | Construir | Siege Workshop |
| 27:28 | Construir | Farm |
| 27:31 | Construir | House |
| 27:34 | Construir | Stable |
| 27:35 | Crear | Villager (Male) |
| 27:35 | Crear | Villager (Male) |
| 27:36 | Crear | Villager (Male) |
| 27:36 | Crear | Villager (Male) |
| 28:13 | Crear | Conquistador |
| 28:13 | Crear | Conquistador |
| 28:29 | Construir | House |
| 28:31 | Investigar | Padded Archer Armor |
| 28:35 | Crear | Battering Ram |
| 28:35 | Crear | Mangonel |
| 28:58 | Construir | Farm |
| 29:37 | Construir | House |
| 29:38 | Crear | Villager (Male) |
| 29:39 | Crear | Villager (Male) |
| 29:40 | Construir | House |
| 30:29 | Crear | Conquistador |
| 30:30 | Crear | Conquistador |
| 30:30 | Crear | Conquistador |
| 30:30 | Crear | Conquistador |
| 30:37 | Construir | Castle |
| 31:40 | Crear | Villager (Male) |
| 31:41 | Crear | Villager (Male) |
| 31:41 | Crear | Villager (Male) |
Build order — RossC786526
Primeras 150 de 187 acciones detectadas
| 0:53 | Construir | Town Center |
| 1:24 | Construir | Dock |
| 1:27 | Construir | House |
| 3:03 | Crear | Villager (Male) ×4 |
| 3:03 | Crear | Villager (Male) ×4 |
| 4:05 | Crear | Fishing Ship |
| 4:34 | Crear | Villager (Male) |
| 4:51 | Crear | Fishing Ship |
| 4:51 | Crear | Fishing Ship |
| 5:00 | Investigar | Loom |
| 5:07 | Construir | House |
| 5:48 | Crear | Fishing Ship |
| 5:53 | Crear | Villager (Male) |
| 5:54 | Crear | Villager (Male) |
| 6:27 | Crear | Fishing Ship |
| 6:27 | Crear | Fishing Ship |
| 6:27 | Crear | Fishing Ship |
| 6:33 | Crear | Villager (Male) |
| 6:45 | Crear | Fishing Ship |
| 7:06 | Crear | Villager (Male) |
| 7:06 | Crear | Villager (Male) |
| 7:17 | Construir | House |
| 7:23 | Crear | Villager (Male) |
| 7:54 | Crear | Villager (Male) |
| 7:54 | Crear | Villager (Male) |
| 7:54 | Crear | Villager (Male) |
| 8:32 | Crear | Villager (Male) |
| 8:40 | Crear | Fishing Ship |
| 8:40 | Crear | Fishing Ship |
| 8:40 | Crear | Fishing Ship |
| 8:44 | Construir | House |
| 8:55 | Crear | Villager (Male) |
| 8:56 | Crear | Villager (Male) |
| 9:34 | Crear | Fishing Ship |
| 9:47 | Construir | House |
| 9:50 | Crear | Villager (Male) |
| 9:50 | Crear | Villager (Male) |
| 10:02 | Crear | Fishing Ship |
| 10:54 | Construir | Mill |
| 10:56 | Crear | Villager (Male) |
| 11:01 | Crear | Villager (Male) |
| 11:05 | Construir | House |
| 11:56 | Investigar | Feudal Age |
| 12:52 | Construir | Mining Camp |
| 13:40 | Construir | House |
| 14:04 | Crear | Villager (Male) |
| 14:04 | Crear | Villager (Male) |
| 14:05 | Crear | Villager (Male) |
| 14:20 | Construir | Blacksmith |
| 14:26 | Construir | Market |
| 14:45 | Construir | House |
| 14:46 | Construir | House |
| 14:51 | Construir | Palisade Wall |
| 15:15 | Investigar | Castle Age |
| 15:23 | Construir | Mining Camp |
| 15:29 | Crear | Villager (Male) |
| 15:33 | Construir | House |
| 15:34 | Construir | House |
| 15:44 | Construir | Lumber Camp |
| 16:22 | Investigar | Double-Bit Axe |
| 16:23 | Investigar | Double-Bit Axe |
| 16:24 | Investigar | Stone Mining |
| 16:24 | Investigar | Stone Mining |
| 17:01 | Construir | House |
| 17:38 | Construir | House |
| 18:34 | Crear | Villager (Male) |
| 18:34 | Crear | Villager (Male) |
| 18:38 | Construir | Town Center |
| 19:06 | Crear | Villager (Male) |
| 19:06 | Crear | Villager (Male) |
| 19:54 | Crear | Villager (Male) |
| 19:54 | Crear | Villager (Male) |
| 19:54 | Crear | Villager (Male) |
| 19:54 | Crear | Villager (Male) |
| 20:11 | Crear | Villager (Male) |
| 20:11 | Crear | Villager (Male) |
| 20:17 | Investigar | Fletching |
| 20:38 | Construir | Siege Workshop |
| 20:42 | Crear | Villager (Male) |
| 20:42 | Crear | Villager (Male) |
| 20:48 | Construir | Farm |
| 20:59 | Investigar | War Galley (upgrade) |
| 21:19 | Crear | Villager (Male) |
| 21:19 | Crear | Villager (Male) |
| 21:22 | Crear | Mangonel |
| 21:24 | Crear | Mangonel |
| 21:58 | Construir | Farm |
| 22:00 | Construir | Farm |
| 22:01 | Construir | Farm |
| 22:03 | Construir | Farm |
| 22:10 | Crear | Villager (Male) |
| 22:10 | Crear | Villager (Male) |
| 22:21 | Crear | Mangonel |
| 22:24 | Crear | Villager (Male) |
| 22:24 | Crear | Villager (Male) |
| 23:17 | Crear | Villager (Male) |
| 23:17 | Crear | Villager (Male) |
| 23:17 | Crear | Villager (Male) |
| 23:28 | Construir | Castle |
| 23:48 | Crear | Villager (Male) |
| 23:48 | Crear | Villager (Male) |
| 23:49 | Crear | Villager (Male) |
| 24:01 | Crear | Villager (Male) |
| 24:02 | Crear | Villager (Male) |
| 24:20 | Construir | Farm |
| 24:21 | Construir | Farm |
| 24:22 | Construir | Farm |
| 24:24 | Construir | Farm |
| 24:26 | Construir | Farm |
| 24:54 | Crear | Mangudai |
| 24:54 | Crear | Mangudai |
| 25:11 | Crear | Mangonel |
| 25:13 | Crear | Villager (Male) |
| 25:13 | Crear | Villager (Male) |
| 25:14 | Crear | Villager (Male) |
| 25:14 | Crear | Villager (Male) |
| 25:47 | Investigar | Bodkin Arrow |
| 25:50 | Construir | Farm |
| 25:54 | Crear | Villager (Male) |
| 25:54 | Crear | Villager (Male) |
| 25:54 | Crear | Villager (Male) |
| 26:16 | Construir | Farm |
| 26:17 | Construir | Farm |
| 26:18 | Construir | Farm |
| 26:20 | Crear | Villager (Male) |
| 26:20 | Crear | Villager (Male) |
| 26:32 | Investigar | Padded Archer Armor |
| 26:34 | Construir | Farm |
| 26:40 | Crear | Villager (Male) |
| 26:40 | Crear | Villager (Male) |
| 26:59 | Crear | Mangudai |
| 26:59 | Crear | Mangudai |
| 27:45 | Crear | Mangonel |
| 27:45 | Crear | Mangonel |
| 27:47 | Crear | Mangudai |
| 27:47 | Crear | Mangudai |
| 27:59 | Crear | Villager (Male) |
| 27:59 | Crear | Villager (Male) |
| 28:07 | Construir | Castle |
| 28:30 | Construir | Castle |
| 28:38 | Investigar | Leather Archer Armor |
| 28:40 | Crear | Villager (Male) |
| 28:40 | Crear | Villager (Male) |
| 28:41 | Crear | Villager (Male) |
| 28:41 | Crear | Villager (Male) |
| 28:41 | Crear | Villager (Male) |
| 29:27 | Crear | Mangudai |
| 29:28 | Crear | Mangudai |
| 29:40 | Crear | Villager (Male) |
| 29:40 | Crear | Villager (Male) |
Build order — massimo_oddo
Primeras 150 de 247 acciones detectadas
| 0:11 | Construir | Town Center |
| 1:32 | Construir | Dock |
| 2:35 | Crear | Villager (Male) |
| 2:35 | Crear | Villager (Male) |
| 2:35 | Crear | Villager (Male) |
| 2:37 | Crear | Villager (Male) |
| 2:37 | Crear | Villager (Male) |
| 2:37 | Crear | Villager (Male) |
| 3:13 | Crear | Fishing Ship |
| 4:02 | Construir | House |
| 4:29 | Investigar | Loom |
| 4:29 | Investigar | Loom |
| 4:35 | Crear | Villager (Male) |
| 4:51 | Crear | Fishing Ship |
| 4:51 | Crear | Fishing Ship |
| 4:51 | Crear | Fishing Ship |
| 5:11 | Crear | Villager (Male) |
| 5:11 | Crear | Villager (Male) |
| 5:34 | Crear | Fishing Ship |
| 5:34 | Crear | Fishing Ship |
| 5:44 | Crear | Villager (Male) |
| 5:44 | Crear | Villager (Male) |
| 6:06 | Construir | House |
| 6:15 | Crear | Villager (Male) |
| 6:15 | Crear | Villager (Male) |
| 6:55 | Crear | Villager (Male) |
| 6:55 | Crear | Villager (Male) |
| 6:59 | Crear | Fishing Ship |
| 6:59 | Crear | Fishing Ship |
| 6:59 | Crear | Fishing Ship |
| 7:00 | Crear | Fishing Ship |
| 7:21 | Crear | Villager (Male) |
| 7:21 | Crear | Villager (Male) |
| 7:33 | Construir | House |
| 7:38 | Crear | Villager (Male) |
| 7:38 | Crear | Villager (Male) |
| 7:42 | Crear | Fishing Ship |
| 8:16 | Crear | Villager (Male) |
| 8:16 | Crear | Villager (Male) |
| 8:17 | Crear | Villager (Male) |
| 8:19 | Crear | Fishing Ship |
| 8:19 | Crear | Fishing Ship |
| 8:35 | Construir | House |
| 8:37 | Construir | Palisade Wall |
| 8:39 | Construir | Palisade Wall |
| 9:01 | Crear | Villager (Male) |
| 9:02 | Crear | Villager (Male) |
| 9:09 | Crear | Villager (Male) |
| 9:11 | Crear | Fishing Ship |
| 9:30 | Crear | Villager (Male) |
| 9:48 | Construir | Mill |
| 9:55 | Construir | Palisade Wall |
| 10:30 | Construir | Palisade Wall |
| 10:40 | Crear | Villager (Male) |
| 11:16 | Investigar | Feudal Age |
| 11:23 | Construir | Mining Camp |
| 11:36 | Construir | House |
| 11:51 | Construir | Palisade Wall |
| 13:19 | Crear | Villager (Male) |
| 13:24 | Construir | Barracks |
| 13:26 | Crear | Villager (Male) |
| 13:26 | Edad | Edad Feudal |
| 13:32 | Construir | Stone Wall |
| 13:34 | Construir | Stone Wall |
| 13:36 | Construir | Stone Wall |
| 13:43 | Crear | Villager (Male) |
| 13:56 | Construir | Blacksmith |
| 14:09 | Construir | Archery Range |
| 14:39 | Construir | Stone Wall |
| 14:46 | Crear | Villager (Male) |
| 14:54 | Crear | Archer |
| 15:03 | Construir | Archery Range |
| 15:08 | Investigar | Castle Age |
| 15:30 | Construir | House |
| 16:14 | Crear | Archer |
| 16:14 | Crear | Archer |
| 16:43 | Construir | Lumber Camp |
| 16:46 | Crear | Villager (Male) |
| 17:05 | Construir | House |
| 17:10 | Investigar | Double-Bit Axe |
| 17:10 | Investigar | Double-Bit Axe |
| 17:10 | Investigar | Double-Bit Axe |
| 17:26 | Crear | Archer |
| 17:27 | Crear | Archer |
| 17:32 | Crear | Archer |
| 17:32 | Crear | Archer |
| 17:47 | Crear | Archer |
| 17:50 | Investigar | Fletching |
| 17:51 | Investigar | Fletching |
| 17:51 | Edad | Edad de los Castillos |
| 17:57 | Investigar | Bow Saw |
| 17:59 | Investigar | Crossbowman (upgrade) |
| 18:03 | Crear | Villager (Male) |
| 18:18 | Crear | Villager (Male) |
| 18:26 | Construir | Siege Workshop |
| 18:28 | Crear | Villager (Male) |
| 18:34 | Crear | Archer |
| 18:34 | Crear | Archer |
| 18:43 | Crear | Villager (Male) |
| 18:50 | Crear | Villager (Male) |
| 18:52 | Crear | Archer |
| 18:52 | Crear | Archer |
| 18:56 | Construir | House |
| 19:13 | Crear | Archer |
| 19:40 | Construir | House |
| 19:43 | Crear | Armored Elephant |
| 19:55 | Crear | Villager (Male) |
| 19:58 | Construir | House |
| 20:01 | Construir | House |
| 20:25 | Construir | Town Center |
| 20:27 | Crear | Villager (Male) |
| 20:30 | Crear | Armored Elephant |
| 20:43 | Construir | House |
| 20:52 | Crear | Villager (Male) |
| 21:06 | Crear | Villager (Male) |
| 21:11 | Construir | Farm |
| 21:12 | Construir | Farm |
| 21:13 | Construir | Farm |
| 21:21 | Construir | Market |
| 21:25 | Crear | Villager (Male) |
| 21:32 | Crear | Archer |
| 21:33 | Crear | Archer |
| 21:39 | Investigar | Bodkin Arrow |
| 21:39 | Investigar | Bodkin Arrow |
| 21:39 | Investigar | Bodkin Arrow |
| 21:51 | Crear | Villager (Male) |
| 22:02 | Crear | Villager (Male) |
| 22:07 | Crear | Villager (Male) |
| 22:08 | Investigar | Gold Mining |
| 22:20 | Construir | House |
| 22:38 | Crear | Villager (Male) |
| 22:40 | Crear | Archer |
| 22:40 | Crear | Archer |
| 22:41 | Crear | Archer |
| 22:44 | Crear | Villager (Male) |
| 22:58 | Construir | Town Center |
| 23:10 | Crear | Archer |
| 23:11 | Crear | Archer |
| 23:17 | Crear | Villager (Male) |
| 23:21 | Construir | Mining Camp |
| 23:24 | Crear | Villager (Male) |
| 23:33 | Construir | Farm |
| 23:34 | Construir | Farm |
| 23:41 | Construir | Farm |
| 23:41 | Construir | Farm |
| 23:49 | Crear | Mangonel |
| 23:53 | Crear | Villager (Male) |
| 23:55 | Investigar | Padded Archer Armor |
| 23:55 | Crear | Villager (Male) |
| 24:04 | Construir | House |
Build order — NoobSB
108 acciones detectadas en el replay
| 0:14 | Construir | Town Center |
| 1:20 | Construir | Dock |
| 1:56 | Construir | House |
| 2:41 | Crear | Villager (Male) |
| 2:42 | Crear | Villager (Male) |
| 2:42 | Crear | Villager (Male) |
| 2:54 | Crear | Villager (Male) |
| 4:05 | Crear | Villager (Male) |
| 4:05 | Crear | Villager (Male) |
| 4:23 | Construir | House |
| 4:40 | Crear | Villager (Male) |
| 4:41 | Crear | Fishing Ship |
| 4:41 | Crear | Fishing Ship |
| 5:28 | Crear | Villager (Male) |
| 5:59 | Investigar | Loom |
| 6:00 | Crear | Villager (Male) |
| 6:14 | Construir | House |
| 6:25 | Crear | Villager (Male) |
| 6:28 | Construir | Palisade Wall |
| 6:31 | Construir | Palisade Wall |
| 6:51 | Crear | Fishing Ship |
| 6:51 | Crear | Fishing Ship |
| 7:05 | Crear | Villager (Male) |
| 7:27 | Crear | Villager (Male) |
| 8:06 | Crear | Villager (Male) |
| 8:14 | Crear | Villager (Male) |
| 8:14 | Crear | Villager (Male) |
| 8:15 | Crear | Fishing Ship |
| 8:15 | Crear | Fishing Ship |
| 8:35 | Construir | House |
| 8:49 | Crear | Villager (Male) |
| 8:51 | Crear | Fishing Ship |
| 9:06 | Crear | Villager (Male) |
| 9:25 | Construir | Mining Camp |
| 9:31 | Crear | Villager (Male) |
| 10:08 | Crear | Villager (Male) |
| 10:09 | Crear | Fishing Ship |
| 10:13 | Construir | House |
| 10:32 | Crear | Villager (Male) |
| 10:59 | Construir | House |
| 11:36 | Investigar | Feudal Age |
| 11:40 | Crear | Fishing Ship |
| 12:02 | Construir | Mill |
| 12:18 | Construir | House |
| 12:34 | Construir | Palisade Wall |
| 12:48 | Crear | Villager (Male) |
| 12:55 | Construir | Dock |
| 13:23 | Construir | Palisade Wall |
| 13:30 | Crear | Fishing Ship |
| 13:46 | Edad | Edad Feudal |
| 13:47 | Construir | Palisade Wall |
| 13:54 | Construir | Palisade Wall |
| 14:02 | Construir | House |
| 14:18 | Crear | Villager (Male) |
| 14:37 | Crear | Villager (Male) |
| 15:11 | Crear | Villager (Male) |
| 15:26 | Construir | Market |
| 15:34 | Crear | Villager (Male) |
| 16:03 | Crear | Villager (Male) |
| 16:23 | Construir | Blacksmith |
| 16:30 | Construir | House |
| 16:36 | Crear | Villager (Male) |
| 16:40 | Construir | Palisade Wall |
| 16:46 | Crear | Villager (Male) |
| 17:13 | Construir | House |
| 17:15 | Construir | House |
| 17:18 | Construir | House |
| 17:28 | Construir | Watch Tower |
| 17:32 | Investigar | Castle Age |
| 18:36 | Construir | Lumber Camp |
| 18:48 | Construir | Watch Tower |
| 19:07 | Crear | Villager (Male) |
| 19:21 | Crear | Villager (Male) |
| 19:35 | Construir | Mining Camp |
| 19:42 | Investigar | Double-Bit Axe |
| 20:12 | Edad | Edad de los Castillos |
| 20:31 | Construir | Siege Workshop |
| 20:35 | Crear | Villager (Male) |
| 20:45 | Crear | Villager (Male) |
| 21:34 | Crear | Mangonel |
| 21:41 | Crear | Villager (Male) |
| 22:08 | Construir | Watch Tower |
| 22:49 | Crear | Villager (Male) |
| 22:49 | Crear | Villager (Male) |
| 22:50 | Crear | Villager (Male) |
| 23:13 | Crear | Villager (Male) |
| 23:13 | Crear | Villager (Male) |
| 23:56 | Crear | Villager (Male) |
| 24:23 | Crear | Villager (Male) |
| 24:45 | Crear | Villager (Male) |
| 25:03 | Crear | Villager (Male) |
| 25:36 | Crear | Villager (Male) |
| 26:14 | Construir | House |
| 26:32 | Crear | Mangonel |
| 26:44 | Crear | Villager (Male) |
| 26:48 | Construir | Farm |
| 26:48 | Construir | Farm |
| 26:49 | Construir | Farm |
| 26:49 | Construir | Farm |
| 27:08 | Crear | Villager (Male) |
| 27:29 | Crear | Villager (Male) |
| 27:45 | Crear | Villager (Male) |
| 27:47 | Construir | Farm |
| 28:34 | Construir | Castle |
| 29:05 | Construir | Castle |
| 29:10 | Crear | Villager (Male) |
| 31:21 | Construir | Castle |
| 31:47 | Construir | Castle |
Build order — savage!
93 acciones detectadas en el replay
| 0:27 | Construir | Town Center |
| 0:44 | Construir | Dock |
| 0:46 | Construir | House |
| 0:47 | Construir | House |
| 2:50 | Crear | Villager (Male) |
| 2:50 | Crear | Villager (Male) |
| 2:51 | Crear | Villager (Male) |
| 3:03 | Crear | Villager (Male) |
| 4:11 | Crear | Villager (Male) |
| 4:24 | Crear | Villager (Male) |
| 4:24 | Crear | Villager (Male) |
| 4:32 | Investigar | Loom |
| 5:19 | Crear | Villager (Male) |
| 5:20 | Crear | Villager (Male) |
| 5:20 | Crear | Villager (Male) |
| 5:59 | Crear | Villager (Male) |
| 6:05 | Crear | Villager (Male) |
| 6:05 | Crear | Villager (Male) |
| 6:09 | Crear | Villager (Male) |
| 6:09 | Crear | Villager (Male) |
| 6:50 | Crear | Villager (Male) |
| 6:50 | Crear | Villager (Male) |
| 6:57 | Crear | Fishing Ship |
| 7:04 | Crear | Villager (Male) |
| 7:43 | Crear | Fishing Ship |
| 8:02 | Crear | Villager (Male) |
| 8:22 | Construir | House |
| 8:23 | Construir | House |
| 8:54 | Crear | Villager (Male) |
| 8:55 | Crear | Villager (Male) |
| 9:20 | Crear | Villager (Male) |
| 9:54 | Crear | Villager (Male) |
| 10:03 | Crear | Fishing Ship |
| 10:04 | Crear | Fishing Ship |
| 10:20 | Crear | Fishing Ship |
| 10:53 | Construir | Mill |
| 10:57 | Crear | Villager (Male) |
| 10:58 | Crear | Villager (Male) |
| 11:28 | Crear | Villager (Male) |
| 11:28 | Crear | Villager (Male) |
| 11:54 | Construir | Mining Camp |
| 12:03 | Construir | House |
| 12:32 | Crear | Villager (Male) |
| 12:36 | Investigar | Feudal Age |
| 13:19 | Crear | Villager (Male) |
| 13:19 | Crear | Villager (Male) |
| 13:46 | Construir | Barracks |
| 15:03 | Construir | Farm |
| 15:06 | Construir | Farm |
| 15:07 | Construir | Farm |
| 15:13 | Edad | Edad Feudal |
| 15:25 | Construir | Market |
| 15:35 | Construir | Blacksmith |
| 16:44 | Investigar | Castle Age |
| 17:00 | Construir | Watch Tower |
| 17:42 | Construir | Watch Tower |
| 18:58 | Construir | Mining Camp |
| 19:09 | Construir | Barracks |
| 19:24 | Edad | Edad de los Castillos |
| 19:30 | Crear | Villager (Male) |
| 19:42 | Crear | Villager (Male) |
| 19:42 | Crear | Villager (Male) |
| 20:33 | Crear | Villager (Male) |
| 20:54 | Construir | House |
| 20:55 | Construir | House |
| 21:10 | Construir | Stable |
| 21:17 | Investigar | Fletching |
| 22:01 | Crear | Knight |
| 22:02 | Crear | Knight |
| 23:31 | Crear | Knight |
| 23:48 | Construir | Lumber Camp |
| 23:56 | Crear | Villager (Male) |
| 23:56 | Crear | Villager (Male) |
| 24:00 | Construir | Farm |
| 24:00 | Construir | Farm |
| 24:01 | Construir | Farm |
| 24:14 | Construir | House |
| 24:39 | Construir | House |
| 25:09 | Crear | Knight |
| 26:37 | Construir | Monastery |
| 26:53 | Construir | Monastery |
| 27:23 | Crear | Knight |
| 28:08 | Construir | Castle |
| 28:21 | Crear | Monk |
| 28:22 | Crear | Monk |
| 28:39 | Construir | Castle |
| 28:41 | Crear | Villager (Male) |
| 28:41 | Crear | Villager (Male) |
| 32:32 | Construir | Farm |
| 33:12 | Crear | Villager (Male) |
| 33:13 | Crear | Villager (Male) |
| 33:34 | Crear | Villager (Male) |
| 33:35 | Crear | Villager (Male) |
Build order — Nomadic
Primeras 150 de 290 acciones detectadas
| 0:04 | Construir | House |
| 0:15 | Construir | Town Center |
| 2:42 | Crear | Villager (Male) |
| 2:42 | Crear | Villager (Male) |
| 2:43 | Crear | Villager (Male) |
| 2:43 | Crear | Villager (Male) |
| 2:43 | Crear | Villager (Male) |
| 2:43 | Crear | Villager (Male) |
| 3:35 | Construir | House |
| 3:58 | Construir | House |
| 4:03 | Investigar | Loom |
| 4:03 | Crear | Villager (Male) |
| 4:04 | Crear | Villager (Male) |
| 4:38 | Crear | Villager (Male) |
| 4:38 | Crear | Villager (Male) |
| 5:24 | Crear | Villager (Male) |
| 5:25 | Crear | Villager (Male) |
| 6:04 | Crear | Villager (Male) |
| 6:05 | Crear | Villager (Male) |
| 6:05 | Crear | Villager (Male) |
| 6:24 | Crear | Villager (Male) |
| 6:24 | Crear | Villager (Male) |
| 6:34 | Crear | Villager (Male) |
| 6:34 | Crear | Villager (Male) |
| 6:46 | Crear | Villager (Male) |
| 6:47 | Crear | Villager (Male) |
| 6:54 | Construir | Dock |
| 7:01 | Crear | Villager (Male) |
| 7:02 | Crear | Villager (Male) |
| 7:02 | Crear | Villager (Male) |
| 7:45 | Crear | Fishing Ship |
| 7:48 | Crear | Villager (Male) |
| 7:48 | Crear | Villager (Male) |
| 8:35 | Crear | Villager (Male) |
| 8:41 | Crear | Fishing Ship |
| 9:09 | Construir | Lumber Camp |
| 9:12 | Crear | Villager (Male) |
| 9:12 | Crear | Villager (Male) |
| 9:31 | Crear | Fishing Ship |
| 9:55 | Crear | Villager (Male) |
| 9:58 | Crear | Fishing Ship |
| 10:21 | Construir | House |
| 10:28 | Crear | Fishing Ship |
| 10:47 | Crear | Villager (Male) |
| 10:54 | Construir | House |
| 11:02 | Construir | Mill |
| 11:05 | Crear | Villager (Male) |
| 11:09 | Crear | Fishing Ship |
| 11:22 | Crear | Villager (Male) |
| 11:34 | Crear | Fishing Ship |
| 11:54 | Construir | Farm |
| 11:55 | Construir | Farm |
| 12:01 | Construir | Farm |
| 12:03 | Construir | Farm |
| 12:05 | Crear | Villager (Male) |
| 12:16 | Crear | Villager (Male) |
| 12:26 | Crear | Fishing Ship |
| 12:39 | Construir | Mining Camp |
| 12:42 | Crear | Villager (Male) |
| 12:52 | Crear | Fishing Ship |
| 12:58 | Construir | House |
| 13:04 | Construir | Farm |
| 13:08 | Investigar | Feudal Age |
| 13:23 | Construir | Farm |
| 13:31 | Construir | House |
| 13:32 | Construir | House |
| 13:44 | Crear | Fishing Ship |
| 13:54 | Construir | Farm |
| 14:11 | Construir | House |
| 14:39 | Crear | Fishing Ship |
| 14:49 | Crear | Villager (Male) |
| 14:50 | Crear | Villager (Male) |
| 15:03 | Construir | Barracks |
| 15:31 | Edad | Edad Feudal |
| 15:51 | Investigar | Town Watch |
| 15:59 | Construir | Market |
| 16:04 | Investigar | Wheelbarrow |
| 16:10 | Investigar | Double-Bit Axe |
| 16:32 | Crear | Fire Galley |
| 16:33 | Crear | Fire Galley |
| 16:44 | Crear | Villager (Male) |
| 16:44 | Crear | Villager (Male) |
| 17:00 | Crear | Fire Galley |
| 17:10 | Construir | House |
| 17:12 | Investigar | Gold Mining |
| 17:28 | Crear | Fire Galley |
| 17:31 | Investigar | Tech 906 |
| 17:38 | Investigar | Town Watch |
| 18:04 | Construir | Blacksmith |
| 18:09 | Crear | Villager (Male) |
| 18:29 | Crear | Fire Galley |
| 18:30 | Crear | Fire Galley |
| 18:41 | Crear | Villager (Male) |
| 18:59 | Construir | House |
| 19:01 | Investigar | Castle Age |
| 19:28 | Crear | Villager (Male) |
| 19:28 | Crear | Villager (Male) |
| 19:34 | Construir | Stable |
| 19:37 | Crear | Villager (Male) |
| 20:15 | Construir | Stable |
| 20:18 | Investigar | Scale Barding Armor |
| 20:18 | Investigar | Forging |
| 20:28 | Crear | Villager (Male) |
| 20:33 | Crear | Galley |
| 20:33 | Crear | Galley |
| 21:19 | Investigar | Horse Collar |
| 21:51 | Investigar | Town Watch |
| 21:56 | Edad | Edad de los Castillos |
| 22:00 | Construir | Town Center |
| 22:03 | Crear | Villager (Male) |
| 22:03 | Crear | Villager (Male) |
| 22:09 | Investigar | Bow Saw |
| 22:27 | Investigar | Bloodlines |
| 22:31 | Crear | Knight |
| 22:31 | Crear | Knight |
| 22:52 | Crear | Villager (Male) |
| 22:53 | Crear | Villager (Male) |
| 22:53 | Crear | Villager (Male) |
| 22:53 | Crear | Villager (Male) |
| 22:53 | Crear | Villager (Male) |
| 22:54 | Crear | Villager (Male) |
| 23:05 | Construir | Town Center |
| 23:11 | Crear | Knight |
| 23:15 | Investigar | Hand Cart |
| 23:22 | Crear | Villager (Male) |
| 23:22 | Crear | Villager (Male) |
| 23:23 | Crear | Villager (Male) |
| 23:23 | Crear | Villager (Male) |
| 23:25 | Investigar | Heavy Plow |
| 23:45 | Construir | Monastery |
| 23:55 | Crear | Villager (Male) |
| 23:55 | Crear | Villager (Male) |
| 23:59 | Construir | Lumber Camp |
| 24:25 | Crear | Knight |
| 24:25 | Crear | Knight |
| 24:32 | Crear | Knight |
| 24:37 | Crear | Knight |
| 24:38 | Crear | Knight |
| 24:49 | Crear | Villager (Male) |
| 24:49 | Crear | Villager (Male) |
| 24:53 | Construir | Farm |
| 24:56 | Construir | Farm |
| 24:59 | Construir | Farm |
| 25:00 | Construir | Farm |
| 25:03 | Construir | Farm |
| 25:04 | Construir | Farm |
| 25:10 | Construir | Farm |
| 25:29 | Construir | Farm |
| 25:30 | Construir | Farm |
| 25:33 | Crear | Monk |
Cronología de la partida
| 0:44 | savage! · first_building Dock |
| 1:09 | The Wulf · first_building Dock |
| 1:20 | NoobSB · first_building Dock |
| 1:24 | RossC786526 · first_building Dock |
| 1:32 | massimo_oddo · first_building Dock |
| 1:56 | CheLoco3552 · first_building Dock |
| 2:04 | CheLoco3552 · wall_segment Palisade Wall x1 |
| 2:06 | CheLoco3552 · wall_segment Palisade Wall x1 |
| 2:26 | Casalmiri · first_building Dock |
| 6:28 | NoobSB · wall_segment Palisade Wall x1 |
| 6:31 | NoobSB · wall_segment Palisade Wall x1 |
| 6:54 | Nomadic · first_building Dock |
| 8:37 | massimo_oddo · wall_segment Palisade Wall x1 |
| 8:39 | massimo_oddo · wall_segment Palisade Wall x5 |
| 8:42 | CheLoco3552 · wall_segment Palisade Wall x6 |
| 9:15 | The Wulf · first_building Barracks |
| 9:55 | massimo_oddo · wall_segment Palisade Wall x3 |
| 10:30 | massimo_oddo · wall_segment Palisade Wall x5 |
| 11:13 | CheLoco3552 · wall_segment Palisade Wall x3 |
| 11:17 | The Wulf · wall_segment Palisade Wall x6 |
| 11:51 | massimo_oddo · wall_segment Palisade Wall x6 |
| 12:09 | CheLoco3552 · wall_segment Palisade Wall x3 |
| 12:29 | The Wulf · age_up feudal |
| 12:31 | The Wulf · first_building Archery Range |
| 12:34 | NoobSB · wall_segment Palisade Wall x9 |
| 13:23 | NoobSB · wall_segment Palisade Wall x11 |
| 13:24 | massimo_oddo · first_building Barracks |
| 13:26 | massimo_oddo · age_up feudal |
| 13:32 | massimo_oddo · wall_segment Stone Wall x2 |
| 13:34 | massimo_oddo · wall_segment Stone Wall x1 |
| 13:36 | massimo_oddo · wall_segment Stone Wall x4 |
| 13:46 | NoobSB · age_up feudal |
| 13:46 | savage! · first_building Barracks |
| 13:47 | NoobSB · wall_segment Palisade Wall x1 |
| 13:54 | NoobSB · wall_segment Palisade Wall x1 |
| 14:09 | massimo_oddo · first_building Archery Range |
| 14:39 | massimo_oddo · wall_segment Stone Wall x5 |
| 14:51 | RossC786526 · wall_segment Palisade Wall x14 |
| 15:03 | Nomadic · first_building Barracks |
| 15:13 | savage! · age_up feudal |
| 15:19 | Casalmiri · age_up feudal |
| 15:31 | Nomadic · age_up feudal |
| 16:40 | NoobSB · wall_segment Palisade Wall x5 |
| 16:42 | savage! · first_market_sell 100 stone |
| 17:51 | massimo_oddo · age_up castle |
| 18:26 | massimo_oddo · first_building Siege Workshop |
| 18:33 | NoobSB · first_market_buy 100 wood |
| 19:14 | Casalmiri · age_up castle |
| 19:18 | NoobSB · first_market_sell 100 food |
| 19:24 | savage! · age_up castle |
| 19:31 | Casalmiri · first_building Castle |
| 19:34 | Nomadic · first_building Stable |
| 19:44 | Casalmiri · wall_segment Palisade Wall x4 |
| 19:46 | Casalmiri · wall_segment Palisade Wall x3 |
| 20:12 | NoobSB · age_up castle |
| 20:31 | NoobSB · first_building Siege Workshop |
| 20:38 | RossC786526 · first_building Siege Workshop |
| 20:54 | CheLoco3552 · first_market_sell 100 food |
| 20:56 | CheLoco3552 · first_market_buy 100 wood |
| 21:10 | savage! · first_building Stable |
| 21:56 | Nomadic · age_up castle |
| 22:50 | massimo_oddo · first_market_sell 100 wood |
| 22:52 | massimo_oddo · first_market_buy 100 stone |
| 23:00 | CheLoco3552 · wall_segment Stone Wall x6 |
| 23:28 | RossC786526 · first_building Castle |
| 23:45 | Nomadic · first_building Monastery |
| 24:44 | Casalmiri · first_building Monastery |
| 24:52 | Casalmiri · first_market_sell 500 wood |
| 24:54 | Casalmiri · first_market_buy 100 food |
| 25:01 | CheLoco3552 · first_building Barracks |
| 25:05 | Casalmiri · first_building Barracks |
| 25:41 | CheLoco3552 · first_building Monastery |
| 25:45 | The Wulf · first_building Stable |
| 25:55 | CheLoco3552 · wall_segment Stone Wall x1 |
| 26:18 | Nomadic · first_market_sell 100 wood |
| 26:19 | Nomadic · first_market_buy 100 stone |
| 26:37 | savage! · first_building Monastery |
| 27:01 | CheLoco3552 · first_building Archery Range |
| 27:01 | Casalmiri · first_building Siege Workshop |
| 27:34 | Casalmiri · first_building Stable |
| 27:35 | The Wulf · age_up castle |
| 28:01 | savage! · first_market_buy 100 stone |
| 28:08 | savage! · first_building Castle |
| 28:34 | NoobSB · first_building Castle |
| 29:35 | massimo_oddo · first_building Castle |
| 30:01 | RossC786526 · first_building Barracks |
| 30:14 | RossC786526 · first_market_sell 100 wood |
| 30:34 | RossC786526 · first_building Archery Range |
| 30:37 | RossC786526 · first_building Stable |
| 32:52 | CheLoco3552 · resign |
| 33:59 | The Wulf · first_building Monastery |
[ ANÁLISIS IA · 1 CRÉDITO ]
¿Qué pasó realmente en esta partida?
Wolo.gg analiza cada decisión: build order, eco, micro, errores típicos por bracket. Análisis personalizado por WhatsApp o Discord en 30 segundos.
Guía civ
Britanos
Perfil
Jugador #3375748